 Dungeon Crawl Stone Soup version 0.27.0-1-g7a089689b8 (webtiles) character file.

Game seed: 13928426706524139708

4455 Anothat the Blocker (level 10, -4/82 HPs)
             Began as a Gnoll Fighter on Aug 1, 2021.
             Was a Follower of Makhleb.
             Slain by a skeletal warrior (9 damage)
             ... led by a skeletal warrior
             ... on level 12 of the Dungeon.
             The game lasted 00:14:36 (7464 turns).

Anothat the Blocker (Gnoll Fighter)                 Turns: 7464, Time: 00:14:36

Health: -4/82      AC: 14    Str: 18    XL:     10   Next: 37%
Magic:  17/17      EV:  8    Int:  9    God:    Makhleb [*.....]
Gold:   61         SH: 11    Dex: 11    Spells: 19/19 levels left

rFire    . . .     SeeInvis .   z - +6 morningstar of the Extremes {spect, rPois rCorr}
rCold    . . .     Faith    .   c - +0 kite shield
rNeg     . . .     Spirit   .   g - +0 chain mail
rPois    +         Reflect  .   (no helmet)
rElec    .         Harm     .   (no cloak)
rCorr    +         Rampage  .   y - +2 pair of gloves
Will     .....                  (no boots)
Stlth    ..........             l - amulet of the acrobat
HPRegen  0.23/turn              (no ring)
MPRegen  0.15/turn              (no ring)

@: no status effects
A: fangs 1, strong nose, distributed training
a: Renounce Religion


You were on level 12 of the Dungeon.
You worshipped Makhleb.
Makhleb was aware of your devotion.
You visited 2 branches of the dungeon, and saw 11 of its levels.

You collected 403 gold pieces.
You spent 342 gold pieces at shops.

Inventory:

Hand Weapons
 a - a +0 war axe
 z - the +6 morningstar of the Extremes (weapon) {spect, rPois rCorr}
   (You found it on level 7 of the Dungeon)

   When its wielder attacks, the weapon's spirit leaps out and strikes again.
   The spirit shares a part of any damage it takes with its wielder.
   rPois:     It protects you from poison.
   rCorr:     It protects you from acid and corrosion.
 B - the +7 battleaxe of Jefasm {drain, Will+ Dex+3 SInv}
   (You bought it in a shop on level 7 of the Dungeon)

   A truly terrible weapon, it drains the life of any living foe it strikes.
   Dex:       It affects your dexterity (+3).
   SInv:      It lets you see invisible.
   Will:      It increases your willpower.
Armour
 b - a +0 scale mail
 c - a +0 kite shield (worn)
 g - a +0 chain mail (worn)
 p - a +1 pair of gloves
 y - a +2 pair of gloves (worn)
Jewellery
 e - a ring of resist corrosion
 j - a ring of ice
 k - an amulet of faith
 l - an amulet of the acrobat (around neck)
Wands
 C - a wand of flame (18)
Scrolls
 i - a scroll of amnesia {unknown}
 m - 8 scrolls of identify
 o - a scroll of holy word {unknown}
 r - a scroll of enchant armour {unknown}
 s - a scroll of vulnerability {unknown}
 t - a scroll of teleportation {unknown}
 v - a scroll of noise {unknown}
Potions
 d - a potion of brilliance {unknown}
 f - 2 potions of flight
 h - 2 potions of attraction
 n - 2 potions of curing
 q - a potion of haste {unknown}
 u - a potion of lignification {unknown}
 w - a potion of magic {unknown}
 x - a potion of berserk rage {unknown}
 A - 2 potions of heal wounds {unknown}
 D - a potion of degeneration {unknown}


   Skills:
 + Level 8.5 Fighting
 + Level 5.2 Short Blades
 + Level 5.2 Long Blades
 + Level 7.0 Axes
 + Level 5.2 Maces & Flails
 + Level 5.2 Polearms
 + Level 5.2 Staves
 + Level 5.2 Slings
 + Level 5.2 Bows
 + Level 5.2 Crossbows
 + Level 5.2 Throwing
 + Level 8.5 Armour
 + Level 5.2 Dodging
 + Level 5.2 Stealth
 + Level 8.5 Shields
 + Level 5.2 Unarmed Combat
 + Level 5.2 Spellcasting
 + Level 4.3 Conjurations
 + Level 4.3 Hexes
 + Level 4.3 Summonings
 + Level 4.3 Necromancy
 + Level 4.3 Translocations
 + Level 4.3 Transmutations
 + Level 4.3 Fire Magic
 + Level 4.3 Ice Magic
 + Level 4.3 Air Magic
 + Level 4.3 Earth Magic
 + Level 4.3 Poison Magic
 + Level 5.7 Invocations
 + Level 5.2 Evocations


You had 19 spell levels left.
You didn't know any spells.
Your spell library contained the following spells:

 Spells                   Type           Power      Damage    Failure   Level
 Animate Skeleton         Necr           20%        N/A       65%         1
 Magic Dart               Conj           40%        1d5       65%         1
 Pain                     Necr           40%        1d6       65%         1
 Call Imp                 Summ           10%        N/A       80%         2
 Slow                     Hex            10%        N/A       80%         2
 Confusing Touch          Hex            10%        N/A       95%         3
 Mephitic Cloud           Conj/Pois/Air  10%        N/A       95%         3
 Tukima's Dance           Hex            10%        N/A       95%         3
 Vampiric Draining        Necr           5%         2d6       95%         3
 Passage of Golubria      Tloc           N/A        N/A       100%        4
 Agony                    Necr           10%        N/A       100%        5
 Excruciating Wounds      Necr           5%         N/A       100%        5
 Yara's Violent Unravell  Hex/Tmut       5%         3d4       100%        5


Dungeon Overview and Level Annotations

Branches:
Dungeon (9/15)             Temple (1/1) D:4
   Lair: D:8-11         Orc: D:9-12

Altars:
Ashenzari
Dithmenos
Elyvilon
Fedhas
Gozag
Kikubaaqudgha
Makhleb
Okawaru
Ru
Sif Muna
Trog
Uskayaw
Vehumet
Wu Jian
Xom
Zin
The Shining One

Shops:
D:1 [   D:7 ((!

Annotations:
D:6 Sigmund


Innate Abilities, Weirdness & Mutations

You have very sharp teeth.
Your uncanny sense of smell can sniff out nearby items.
Your experience applies equally to all skills.


Message History

The skeletal warrior hits your spectral +6 morningstar of the Extremes {spect, rPois rCorr} with a +0 hand axe!
Your spectral weapon shares its damage with you!
You barely miss the skeletal warrior.
The skeletal warrior is almost destroyed.
Your spectral +6 morningstar of the Extremes {spect, rPois rCorr} hits the skeletal warrior!
You destroy the skeletal warrior!
Makhleb accepts your kill.
The skeletal warrior hits your spectral +6 morningstar of the Extremes {spect, rPois rCorr} with a +0 battleaxe!!
Your spectral weapon shares its damage with you!
Your spectral +6 morningstar of the Extremes {spect, rPois rCorr} fades away.
Your Axes skill increases to level 7!
You hit the skeletal warrior but do no damage.
Your spectral +6 morningstar of the Extremes {spect, rPois rCorr} hits the skeletal warrior.
The skeletal warrior hits you with a +0 battleaxe!
* * * LOW HITPOINT WARNING * * *
The skeletal warrior hits your spectral +6 morningstar of the Extremes {spect, rPois rCorr} with a +0 battleaxe!
Your spectral weapon shares its damage with you!
* * * LOW HITPOINT WARNING * * *
You hit the skeletal warrior.
The skeletal warrior is lightly damaged.
Your spectral +6 morningstar of the Extremes {spect, rPois rCorr} hits the skeletal warrior but does no damage.
You block the skeletal warrior's attack.
You sock the skeletal warrior! Your bite misses the skeletal warrior.
The skeletal warrior is heavily damaged.
Your spectral +6 morningstar of the Extremes {spect, rPois rCorr} hits the skeletal warrior!
You block the skeletal warrior's attack.
The skeletal warrior hits your spectral +6 morningstar of the Extremes {spect, rPois rCorr} with a +0 battleaxe!
Your spectral weapon shares its damage with you!
* * * LOW HITPOINT WARNING * * *
You feel better. The skeletal warrior barely misses you.
You hit the skeletal warrior.
You bite the skeletal warrior, but do no damage.
The skeletal warrior is severely damaged.
Your spectral +6 morningstar of the Extremes {spect, rPois rCorr} hits the skeletal warrior!
The skeletal warrior hits you but does no damage.
The skeletal warrior hits your spectral +6 morningstar of the Extremes {spect, rPois rCorr} with a +0 battleaxe!
Your spectral weapon shares its damage with you!
* * * LOW HITPOINT WARNING * * *
The skeletal warrior hits you with a +0 battleaxe!
You die...

......$..# .. .#
.........# #. .#
........z#### #. .#
............# #. .#
..?.......#.# #. .#
.......z..#.# #.#.#
.........##.# #.§.#
.########...####(.#
#...'..z@§#
#...####### #)..#
####...#### ∆
#..........#
#..........#
#..........#
#..........#
#..........#


You could see a skeletal warrior and a friendly spectral +6 morningstar of the
Extremes {spect, rPois rCorr} (summoned).

Vanquished Creatures
  Nergalle (D:12)
  2 skeletal warriors (D:12)
  Pikel (D:7)
  Maggie (D:7)
  A wyvern (D:7)
  2 vampire mosquitoes (D:7)
  A water moccasin (D:5)
  An acid dragon (D:8)
  An orc warrior (D:9)
  3 centaurs
  2 ogres
  A kobold brigand (D:7)
  2 scorpions
  A bullfrog (D:7)
  A wyvern skeleton (D:7)
  5 wights (D:7)
  2 hounds
  3 orc priests
  2 jellies (D:4)
  A centaur skeleton (D:5)
  2 iguanas
  2 orc wizards
  5 adders
  A shadow imp (D:7)
  A white imp (D:7)
  An ufetubus (D:4)
  3 worms
  4 dart slugs
  15 orcs
  3 ball pythons
  4 endoplasms
  2 giant cockroaches
  7 goblins
  5 hobgoblins
  3 jackals
  11 kobolds
  A quokka (D:1)
  4 bats
  3 frilled lizards
  3 rats
114 creatures vanquished.

Notes
Turn   | Place    | Note
-------+----------+-------------------------------------------
     0 | D:1      | Anothat the Gnoll Fighter began the quest for the Orb.
     0 | D:1      | Reached XP level 1. HP: 23/23 MP: 1/1
    91 | D:1      | Found Kuamomal's Antique Armour Shoppe.
   126 | D:1      | Reached XP level 2. HP: 29/29 MP: 2/2
   704 | D:2      | Reached XP level 3. HP: 24/35 MP: 3/3
  1211 | D:2      | Found a faded altar of an unknown god.
  1565 | D:2      | Reached skill level 1 in Invocations
  1610 | D:2      | Reached skill level 1 in Short Blades
  1610 | D:2      | Reached skill level 1 in Long Blades
  1610 | D:2      | Reached skill level 1 in Maces & Flails
  1610 | D:2      | Reached skill level 1 in Polearms
  1610 | D:2      | Reached skill level 1 in Staves
  1610 | D:2      | Reached skill level 1 in Slings
  1610 | D:2      | Reached skill level 1 in Bows
  1610 | D:2      | Reached skill level 1 in Crossbows
  1610 | D:2      | Reached skill level 1 in Throwing
  1610 | D:2      | Reached skill level 1 in Dodging
  1610 | D:2      | Reached skill level 1 in Stealth
  1610 | D:2      | Reached skill level 1 in Unarmed Combat
  1610 | D:2      | Reached skill level 1 in Spellcasting
  1610 | D:2      | Reached skill level 1 in Evocations
  1610 | D:2      | Reached XP level 4. HP: 19/41 MP: 5/5
  1970 | D:3      | Found a shimmering altar of Xom.
  2021 | D:3      | Found a white marble altar of Elyvilon.
  2021 | D:3      | Found an opulent altar of Gozag.
  2021 | D:3      | Found a bloodstained altar of Trog.
  2698 | D:3      | Found a radiant altar of Vehumet.
  2772 | D:3      | Found an ornate altar of the Wu Jian Council.
  2916 | D:4      | Noticed an ogre
  2945 | D:4      | Reached skill level 1 in Conjurations
  2945 | D:4      | Reached skill level 1 in Hexes
  2945 | D:4      | Reached skill level 1 in Summonings
  2945 | D:4      | Reached skill level 1 in Necromancy
  2945 | D:4      | Reached skill level 1 in Translocations
  2945 | D:4      | Reached skill level 1 in Transmutations
  2945 | D:4      | Reached skill level 1 in Fire Magic
  2945 | D:4      | Reached skill level 1 in Ice Magic
  2945 | D:4      | Reached skill level 1 in Air Magic
  2945 | D:4      | Reached skill level 1 in Earth Magic
  2945 | D:4      | Reached skill level 1 in Poison Magic
  2954 | D:4      | Killed an ogre
  2955 | D:4      | Reached XP level 5. HP: 47/47 MP: 5/7
  3203 | D:4      | Found a hide-covered altar of Uskayaw.
  3212 | D:4      | Reached XP level 6. HP: 53/53 MP: 8/8
  3236 | D:4      | Reached skill level 5 in Axes
  3589 | D:4      | Found a staircase to the Ecumenical Temple.
  3620 | Temple   | Entered the Ecumenical Temple
  3696 | Temple   | Became a worshipper of Makhleb the Destroyer
  3863 | D:5      | Entered Level 5 of the Dungeon
  3910 | D:5      | Noticed a water moccasin
  3924 | D:5      | Killed a water moccasin
  3925 | D:5      | Reached XP level 7. HP: 22/59 MP: 10/10
  4687 | D:5      | Found an iron altar of Okawaru.
  4960 | D:6      | Noticed Sigmund
  5162 | D:7      | Identified the +6 morningstar of the Extremes {spect, rPois
                  | rCorr}
  5257 | D:7      | Reached XP level 8. HP: 56/67 MP: 12/12
  5431 | D:7      | Found Udijaleh's Antique Weapon Shop.
  5433 | D:7      | Noticed a wyvern
  5437 | D:7      | Killed a wyvern
  5464 | D:7      | Bought a polished battleaxe for 264 gold pieces
  5464 | D:7      | Identified the +7 battleaxe of Jefasm {drain, Will+ Dex+3
                  | SInv} (You bought it in a shop on level 7 of the Dungeon)
  6065 | D:7      | Noticed Maggie
  6077 | D:7      | Killed Maggie
  6078 | D:7      | Reached XP level 9. HP: 19/73 MP: 14/14
  6444 | D:7      | Found Wonu's Distillery.
  6449 | D:7      | Bought a potion of curing for 39 gold pieces
  6449 | D:7      | Bought a potion of curing for 39 gold pieces
  6487 | D:7      | Found Pubeymn's Weapon Shop.
  6493 | D:7      | Noticed Pikel
  6514 | D:7      | Killed Pikel
  6522 | D:7      | Reached * piety under Makhleb
  6908 | D:8      | Noticed a death yak
  6914 | D:8      | Noticed a death yak
  6914 | D:8      | Noticed a death yak
  7386 | D:9      | Reached skill level 5 in Invocations
  7405 | D:9      | You fall into a shaft and drop 3 floors!
  7407 | D:12     | Noticed Nergalle
  7415 | D:12     | Killed Nergalle
  7416 | D:12     | Reached XP level 10. HP: 80/80 MP: 15/17
  7436 | D:12     | Noticed a skeletal warrior
  7437 | D:12     | Noticed a skeletal warrior
  7437 | D:12     | Noticed a skeletal warrior
  7453 | D:12     | Killed a skeletal warrior
  7454 | D:12     | Reached skill level 5 in Short Blades
  7454 | D:12     | Reached skill level 5 in Long Blades
  7454 | D:12     | Reached skill level 5 in Maces & Flails
  7454 | D:12     | Reached skill level 5 in Polearms
  7454 | D:12     | Reached skill level 5 in Staves
  7454 | D:12     | Reached skill level 5 in Slings
  7454 | D:12     | Reached skill level 5 in Bows
  7454 | D:12     | Reached skill level 5 in Crossbows
  7454 | D:12     | Reached skill level 5 in Throwing
  7454 | D:12     | Reached skill level 5 in Dodging
  7454 | D:12     | Reached skill level 5 in Stealth
  7454 | D:12     | Reached skill level 5 in Unarmed Combat
  7454 | D:12     | Reached skill level 5 in Spellcasting
  7454 | D:12     | Reached skill level 5 in Evocations
  7459 | D:12     | Killed a skeletal warrior
  7462 | D:12     | HP: 3/82 [skeletal warrior[a skeletal warrior] (7)]
  7464 | D:12     | Slain by a skeletal warrior

Illustrated notes

Levels and vault maps discovered:
D:1:      heliophobic_arrival_henge, layout_loops_ring, serial_shops,
          nicolae_shop_stone, grunt_decor_junction
D:2:      minmay_wonky_spiral, layout_loops_ring,
          shapermc_ecumenical_altar_mp_highgroup
D:3:      layout_basic, lemuel_coloured_pillars_altar,
          mainiacjoe_overflow_alcove_4, tgw_xom,
          chequers_temple_overflow_statue_of_worship
D:4:      layout_loops_ring, nicolae_uskayaw_murder_on_the_dancefloor,
          temple_statues, kennysheep_diamond
D:5:      layout_cave_pools, kennysheep_mini
D:6:      layout_gridville, lemuel_round_altar, uniq_menkaure, uniq_sigmund,
          uniq_eustachio
D:7:      layout_loops_cross, serial_shops, shop, nicolae_shop_trees,
          nicolae_shop_waterfront, uniq_pikel, uniq_maggie
D:8:      layout_loops_cross, gammafunk_temple_overflow_elements,
          cheibrodos_worm_habitat, dpeg_lair_monsters, minmay_misc_feat_rugged
D:9:      layout_stronghold, uniq_maurice
D:12:     statuecave_lemuel, layout_basic, gammafunk_ghost_grave, led_sif_pool,
          uniq_nergalle, uniq_urug
Temple:   compressed_dpeg_triangle_lava_temple

Skill      XL: |  1  2  3  4  5  6  7  8  9 10 |
---------------+-------------------------------+-----
Invocations    | 1 2 3 4 5 |  5.7
Short Blades   | 1 2 3 4 5 |  5.2
Long Blades    | 1 2 3 4 5 |  5.2
Maces & Flails | 1 2 3 4 5 |  5.2
Polearms       | 1 2 3 4 5 |  5.2
Staves         | 1 2 3 4 5 |  5.2
Slings         | 1 2 3 4 5 |  5.2
Bows           | 1 2 3 4 5 |  5.2
Crossbows      | 1 2 3 4 5 |  5.2
Throwing       | 1 2 3 4 5 |  5.2
Dodging        | 1 2 3 4 5 |  5.2
Stealth        | 1 2 3 4 5 |  5.2
Unarmed Combat | 1 2 3 4 5 |  5.2
Spellcasting   | 1 2 3 4 5 |  5.2
Evocations     | 1 2 3 4 5 |  5.2
Conjurations   | 1 2 3 4 |  4.3
Hexes          | 1 2 3 4 |  4.3
Summonings     | 1 2 3 4 |  4.3
Necromancy     | 1 2 3 4 |  4.3
Translocations | 1 2 3 4 |  4.3
Transmutations | 1 2 3 4 |  4.3
Fire Magic     | 1 2 3 4 |  4.3
Ice Magic      | 1 2 3 4 |  4.3
Air Magic      | 1 2 3 4 |  4.3
Earth Magic    | 1 2 3 4 |  4.3
Poison Magic   | 1 2 3 4 |  4.3
Axes           | 5 6 7 |  7.0
Fighting       | 7 8 |  8.5
Armour         | 7 8 |  8.5
Shields        | 7 8 |  8.5

Action                   |  1- 3 |  4- 6 |  7- 9 | 10-12 || total
-------------------------+-------+-------+-------+-------++-------
Melee: War axe           |    79 |   118 |    52 |       ||   249
       Bite              |     8 |    11 |    13 |     5 ||    37
       Morningstar       |       |       |    88 |    14 ||   102
Evoke: Wand              |       |       |     5 |     2 ||     7
  Use: Potion            |       |     1 |     6 |     1 ||     8
       Scroll            |       |     1 |       |       ||     1
 Stab: Invisible         |       |       |     1 |       ||     1
Armor: Chain mail        |    47 |    50 |    73 |     3 ||   173
       Scale mail        |     2 |       |       |       ||     2
Dodge: Dodged            |    15 |    32 |    58 |     3 ||   108
Block: Kite shield       |    47 |    71 |    87 |     5 ||   210
